 Dungeon Crawl Stone Soup version 0.23.2-1-ga50397a (webtiles) character file.

Game seed: 484899783838511466

10773 night the Transmogrifier (level 11, -2/59 HPs)
             Began as a Gargoyle Transmuter on May 2, 2019.
             Was a Believer of Dithmenos.
             Slain by a red ugly thing (15 damage)
             ... on level 11 of the Dungeon.
             The game lasted 00:41:10 (12210 turns).

night the Transmogrifier (Gargoyle Transmuter)     Turns: 12210, Time: 00:41:11

Health: -2/59      AC: 13    Str: 15    XL:     11   Next: 67%
Magic:  0/15       EV: 11    Int: 15    God:    Dithmenos [**....]
Gold:   556        SH:  0    Dex: 11    Spells: 4/15 levels left

rFire    . . .     SeeInvis .     - Unarmed
rCold    . . .     Gourm    .   (shield currently unavailable)
rNeg     + . .     Faith    .   J - +2 leather armour {MR+}
rPois    ∞         Spirit   +   m - +2 hat
rElec    +         Reflect  .   (no cloak)
rCorr    .         Harm     .   (gloves currently unavailable)
MR       +....                  E - +0 pair of boots
Stlth    +.........             z - amulet of guardian spirit
HPRegen  0.19/turn              (no ring)
MPRegen  0.14/turn              (no ring)

@: blade hands, corroded, wreathed by umbra
A: negative energy resistance 1, electricity resistance, unbreathing,
petrification resistance, rot immunity, AC +8
a: End Transformation, Shadow Step, Renounce Religion


You were on level 11 of the Dungeon.
You worshipped Dithmenos.
Dithmenos was pleased with you.
You were not hungry.
You had blades for hands.
You visited 2 branches of the dungeon, and saw 11 of its levels.

You collected 556 gold pieces.

Inventory:

Hand Weapons
 b - a +1 arbalest of velocity
 I - a +0 hand crossbow
 P - the +12 Vampire's Tooth (melded) {vamp}
   (You found it on level 11 of the Dungeon)

   It inflicts no extra harm, but heals its wielder when it wounds a living foe.
Missiles
 a - 86 arrows
 c - 296 stones
 g - 16 tomahawks (quivered)
 q - 91 bolts
 B - a throwing net
Armour
 h - a +0 ring mail
 k - a +2 shield
 m - a +2 hat (worn)
 n - a +0 pair of gloves (melded)
 E - a +0 pair of boots (worn)
 H - a +0 cloak
 J - a +2 leather armour of magic resistance (worn)
 O - a +0 robe
Jewellery
 f - an uncursed amulet of the acrobat
 l - an uncursed amulet of rage
 t - an uncursed amulet of faith
 z - an amulet of guardian spirit (around neck)
Wands
 K - a wand of flame (10)
 N - a wand of paralysis (6)
Scrolls
 e - 6 scrolls of remove curse
 j - 2 scrolls of amnesia
 o - a scroll of immolation {unknown}
 p - 2 scrolls of fog {unknown}
 r - 4 scrolls of identify
 s - 2 scrolls of teleportation
 u - 4 scrolls of magic mapping {unknown}
 v - 3 scrolls of enchant weapon {unknown}
 y - a scroll of random uselessness {unknown}
 A - a scroll of noise {unknown}
 C - 2 scrolls of blinking {unknown}
 G - 2 scrolls of summoning {unknown}
 L - a scroll of vulnerability {unknown}
Potions
 i - 3 potions of flight
 w - a potion of agility
 x - a potion of ambrosia
 D - a potion of mutation {unknown}
 F - 3 potions of degeneration
 M - 2 potions of curing {unknown}
Comestibles
 d - 16 rations


   Skills:
 + Level 2.6 Fighting
 + Level 1.2 Short Blades
 - Level 8.0 Armour
 - Level 1.5 Dodging
 - Level 10.3 Unarmed Combat
 + Level 2.7 Spellcasting
 + Level 1.8 Summonings
 - Level 10.7 Transmutations


You had 4 spell levels left.
You knew the following spells:

 Your Spells              Type           Power        Failure   Level  Hunger
a - Beastly Appendage     Tmut           ####..       10%         1    #......
b - Sticks to Snakes      Tmut           ####....     11%         2    ##.....
c - Blade Hands           Tmut           ####......   43%         5    ######.
d - Passwall              Tmut/Erth      ###.....     30%         2    ##.....
e - Summon Butterflies    Summ           #.......     50%         1    #......

Your spell library contained the following spells:

 Spells                   Type           Power        Failure   Level  Hunger
 Spider Form              Tmut/Pois      ###.......   43%         3    ###....
 Sandblast                Erth           #.....       67%         1    #......
 Ice Form                 Ice/Tmut       ###.....     69%         4    #####..
 Petrify                  Tmut/Erth      ###.....     69%         4    #####..
 Call Canine Familiar     Summ           #.......     77%         3    ###....
 Stone Arrow              Conj/Erth      #.....       91%         3    ###....
 Summon Ice Beast         Ice/Summ       #.......     99%         4    #####..
 Lee's Rapid Deconstruct  Erth           #.........   100%        5    ######.
 Summon Mana Viper        Hex/Summ       #.......     100%        5    ######.
 Summon Hydra             Summ           #.........   100%        7    #######


Dungeon Overview and Level Annotations

Branches:
Dungeon (9/15)             Temple (1/1) D:7            Lair (0/6) D:9
    Orc (0/2) D:9

Altars:
Ashenzari
Cheibriados
Dithmenos
Elyvilon
Fedhas
Gozag
Hepliaklqana
Kikubaaqudgha
Makhleb
Nemelex Xobeh
Okawaru
Qazlal
Ru
Sif Muna
Trog
Uskayaw
Vehumet
Wu Jian
Xom
Yredelemnul
Zin
The Shining One


Innate Abilities, Weirdness & Mutations

You are resistant to torment.
Your stone body is resilient. (AC +8)
You are immune to poison.
You resist negative energy. (rN+)
You are resistant to electric shocks. (rElec)
You can survive without breathing.
You are immune to petrification.
You are immune to rotting.


Message History

The red ugly thing gurgles horribly!
You slice the brown ugly thing!!
The brown ugly thing is heavily wounded.
The brown ugly thing stings you! The acid corrodes you!
You are splashed with acid!
You slice the brown ugly thing!! You slash the brown ugly thing.
The brown ugly thing is almost dead.
The brown ugly thing stings you but does no damage.
You slash the brown ugly thing!
You kill the brown ugly thing!
Dithmenos accepts your kill.
Your Short Blades skill increases to level 1!
You completely miss the red ugly thing. The red ugly thing tentacle-slaps you!
You are engulfed in flames!
You slash the red ugly thing!
The red ugly thing is lightly wounded.
The red ugly thing tentacle-slaps you!
* * * LOW HITPOINT WARNING * * *
You are engulfed in flames!!
You die...

#################
#####
#........@u......
.....
#........#####...
..... #.....#..#
#### #.....#..# #
# #.....#..# #. #
#.....#..# ###..
#
#.....#..#####..
u....####
#.....#.........
.........
#.....#.........#
##......


You could see a red ugly thing.

Vanquished Creatures
  2 two-headed ogres (D:8)
  An unseen horror (D:11)
  Pikel (D:5)
  An ugly thing (D:11)
  A centaur zombie (D:11)
  2 komodo dragons (D:9)
  Prince Ribbit (D:8)
  A hippogriff (D:7)
  A wyvern (D:11)
  4 yaks (D:11)
  A shadow (D:11)
  2 hungry ghosts
  A basilisk (D:9)
  A steam dragon (D:11)
  5 vampire mosquitoes (D:11)
  2 orc warriors
  A slave (D:5)
  A swamp drake (D:9)
  2 phantoms
  3 black bears
  A necrophage (D:8)
  9 ice beasts
  3 ogres
  2 crocodiles
  4 big kobolds
  A bullfrog (D:11)
  A wyvern skeleton (D:11)
  7 scorpions
  11 wights
  4 howler monkeys
  4 crimson imps
  2 hounds
  2 quasits
  2 bullfrog zombies
  3 jellies
  11 orc priests
  Crazy Yiuf (D:7)
  3 bullfrog skeletons
  A centaur skeleton (D:5)
  4 worker ants
  11 orc wizards
  A hound skeleton (D:6)
  3 gnolls (D:8)
  7 adders
  A shadow imp (D:8)
  4 oozes (D:1)
  2 adder zombies
  3 adder skeletons
  4 worms
  3 dart slugs
  6 leopard geckos
  35 orcs
  8 giant cockroaches
  9 goblins
  5 hobgoblins
  16 jackals
  17 kobolds
  8 quokkas
  3 bats
  2 frilled lizards (D:2)
  A jackal skeleton (D:4)
  A jackal zombie (D:7)
  2 leopard gecko skeletons
  7 rats
269 creatures vanquished.

Vanquished Creatures (collateral kills)
  An ogre (D:4)
1 creature vanquished.

Vanquished Creatures (others)
  2 slaves (D:5)
  An orc priest (D:5)
  A worker ant (D:5)
  2 gnolls (D:11)
  A leopard gecko (D:5)
  2 orcs (D:5)
  A frilled lizard (D:5)
  A quokka zombie (D:5)
11 creatures vanquished.

Grand Total: 281 creatures vanquished

Notes
Turn   | Place    | Note
-------+----------+-------------------------------------------
     0 | D:1      | night the Gargoyle Transmuter began the quest for the Orb.
     0 | D:1      | Reached XP level 1. HP: 12/12 MP: 3/3
     1 | D:1      | Found a runed translucent door.
    54 | D:1      | You fall through a shaft!
   171 | D:2      | Reached XP level 2. HP: 15/16 MP: 5/5
   580 | D:2      | Reached XP level 3. HP: 20/20 MP: 6/6
   791 | D:1      | Reached XP level 4. HP: 15/25 MP: 7/7
  2413 | D:3      | Reached skill level 5 in Unarmed Combat
  2413 | D:3      | Reached XP level 5. HP: 18/29 MP: 2/8
  2978 | D:3      | Learned a level 2 spell: Sticks to Snakes
  2984 | D:3      | Learned a level 5 spell: Blade Hands
  3357 | D:4      | Reached XP level 6. HP: 32/34 MP: 7/9
  3903 | D:4      | HP: 1/34 [orc priest/divine providence (10)]
  3932 | D:4      | Reached XP level 7. HP: 38/38 MP: 5/10
  4379 | D:5      | Entered Level 5 of the Dungeon
  4411 | D:5      | Found a basalt altar of Yredelemnul.
  4412 | D:5      | Noticed Pikel
  4481 | D:5      | Killed Pikel
  4481 | D:5      | Reached skill level 5 in Transmutations
  4481 | D:5      | Reached XP level 8. HP: 25/43 MP: 11/11
  5050 | D:5      | Found an opulent altar of Gozag.
  5241 | D:5      | Reached skill level 1 in Armour
  5677 | D:6      | Found a shimmering altar of Xom.
  5828 | D:6      | Found a hazy altar of Hepliaklqana.
  5975 | D:6      | Reached XP level 9. HP: 47/47 MP: 12/12
  7674 | D:7      | Found a staircase to the Ecumenical Temple.
  7685 | Temple   | Entered the Ecumenical Temple
  7793 | Temple   | Became a worshipper of Dithmenos the Shadowed
  7949 | D:7      | Found a runed translucent door.
  7950 | D:7      | Noticed Crazy Yiuf
  7960 | D:7      | Killed Crazy Yiuf
  8395 | D:8      | Noticed a two-headed ogre
  8409 | D:8      | Killed a two-headed ogre
  8409 | D:8      | Reached skill level 5 in Armour
  8409 | D:8      | Reached XP level 10. HP: 26/52 MP: 5/13
  8890 | D:8      | Found a deep blue altar of Sif Muna.
  8899 | D:8      | Noticed Prince Ribbit
  8912 | D:8      | Killed Prince Ribbit
  9127 | D:8      | Noticed a two-headed ogre
  9144 | D:8      | Killed a two-headed ogre
  9144 | D:8      | Reached * piety under Dithmenos
  9504 | D:8      | Found a glowing golden altar of the Shining One.
 10108 | D:9      | Found a staircase to the Lair.
 10392 | D:9      | Reached skill level 10 in Transmutations
 10408 | D:9      | Reached ** piety under Dithmenos
 10585 | D:9      | Found a staircase to the Orcish Mines.
 10675 | D:9      | Reached XP level 11. HP: 56/56 MP: 14/14
 10680 | D:9      | Learned a level 2 spell: Passwall
 10726 | D:9      | You fall through a shaft for 2 floors!
 10737 | D:11     | Noticed a red ugly thing
 11186 | D:11     | Reached skill level 10 in Unarmed Combat
 11839 | D:11     | Learned a level 1 spell: Summon Butterflies
 11983 | D:11     | Killed an unseen horror
 11983 | D:11     | Reached skill level 1 in Summonings
 12068 | D:11     | Found the +12 Vampire's Tooth {vamp}
 12201 | D:11     | Noticed a brown ugly thing
 12207 | D:11     | Killed a brown ugly thing
 12207 | D:11     | Reached skill level 1 in Short Blades
 12210 | D:11     | Slain by a red ugly thing

Skill      XL: |  1  2  3  4  5  6  7  8  9 10 11 |
---------------+----------------------------------+-----
Transmutations | 2 3 4 5 7 8 10 | 10.7
Unarmed Combat | 4 5 6 7 8 9 10 | 10.3
Armour         | 2 5 7 8 |  8.0
Summonings     | 1 |  1.8
Fighting       | 2 |  2.6
Short Blades   | 1 |  1.2
Dodging        | |  1.5
Spellcasting   | |  2.7

Action                   |  1- 3 |  4- 6 |  7- 9 | 10-12 || total
-------------------------+-------+-------+-------+-------++-------
Melee: Unarmed           |   185 |   315 |   481 |   477 ||  1458
       Headbutt          |       |     7 |    14 |     6 ||    27
       Kick              |       |     7 |    13 |       ||    20
       Punch             |       |     1 |    13 |    17 ||    31
       Quick blade       |       |       |       |    24 ||    24
 Fire: Arbalest          |       |       |       |     3 ||     3
Throw: Stone             |     7 |     7 |       |       ||    14
       Tomahawk          |       |       |     5 |    15 ||    20
       Throwing net      |       |       |     1 |       ||     1
 Cast: Beastly Appendage |       |     7 |     9 |     3 ||    19
       Sticks to Snakes  |       |     5 |     2 |     1 ||     8
       Blade Hands       |       |       |       |    17 ||    17
Invok: Shadow Step       |       |       |       |     1 ||     1
Evoke: Wand              |       |       |     3 |     7 ||    10
  Use: Scroll            |     1 |       |       |     3 ||     4
       Potion            |       |     7 |       |     1 ||     8
  Eat: Chunk             |       |    11 |    15 |    13 ||    39
       Ration            |       |       |       |     4 ||     4
Armor: Plate armour      |   118 |    47 |       |       ||   165
       Ring mail         |       |    77 |   205 |   118 ||   400
       Skin              |       |    23 |     3 |       ||    26
       Leather armour    |       |       |       |   166 ||   166
Dodge: Dodged            |    10 |    83 |   205 |   306 ||   604
Block: Shield            |    91 |    73 |       |       ||   164
